[Event "4th Tata Steel India Blitz Women 2022"]
[Site "Kolkota"]
[Date "2022.12.03"]
[Round "7.4"]
[White "Ushenina, Anna"]
[Black "Muzychuk, Mariya"]
[Result "0-1"]
[ECO "D46"]
[WhiteElo "2454"]
[BlackElo "2528"]
[Annotator "TA"]
[PlyCount "108"]
[EventDate "2022.11.29"]
[EventType "tourn"]
[EventCountry "IND"]
[SourceTitle "playchess.com"]
[Source "ChessBase"]
[SourceQuality "1"]
[TimeControl "180+2"]

1. d4 d5 2. c4 c6 3. Nf3 Nf6 4. Nc3 e6 5. e3 Nbd7 6. Qc2 Bd6 7. Bd3 O-O 8. O-O e5 9. cxd5 cxd5 10. e4 exd4 11. Nxd5 Nxd5 12. exd5 h6 13. Nxd4 {[%emt 0:00:05] 13.b3 is vanishing.} Qh4 {[%emt 0:00:04][%csl Gd6,LRd4,LRh2][%cal Rh4h2] Inhibits h3. D46: Semi-Slav: 5 e3 Nbd7 6 Bd3, Black avoids the Meran.} 14. Nf3 (14. Bh7+ {feels hotter.} Kh8 15. Nf3 Qh5 16. Qf5) 14... Qh5 15. Bh7+ Kh8 {[%emt 0:00:01] Black is slightly better.} 16. Qf5 Qxf5 17. Bxf5 Nf6 18. Bxc8 Rfxc8 19. Be3 Nxd5 20. Rfd1 Nxe3 21. Rxd6 Nc4 22. Rd7 Nxb2 23. Rxb7 Nd3 24. Rxf7 {[%emt 0:00:36] [#]} Rc2 $146 ({Predecessor:} 24... Nc1 25. h4 a5 26. a4 Rab8 27. Rf5 Rb7 28. h5 Kh7 29. Nh4 Rb4 30. Ng6 Rg4 {1-0 (44) Huebner,R (2580)-Prescha,F (2195) Cologne 1997}) 25. h3 a5 26. a4 Nc5 (26... Rb8 $14) 27. Nd4 ({Better is} 27. Re1 $16) 27... Rc4 $14 28. Nf5 Rxa4 29. Rc1 Ne6 30. Rc6 (30. Re7 $5 Rf4 31. Nxh6 $14) 30... Re4 31. Re7 {[%emt 0:00:06] Prevents a4.} Nd4 {[%emt 0:00:14] Strongly threatening ...Rxe7.} 32. Rc4 $2 {[%emt 0:00:11][%mdl 8192] [#]} (32. Nxg7 $2 {too greedy.} Rxe7 33. Rd6 a4 34. Rxd4 a3 $19) (32. Rxe4 $11 Nxc6 33. Rc4) 32... Nxf5 $2 ({Black should play} 32... Nf3+ $1 $19 33. gxf3 Rxc4) 33. Rexe4 $19 {[%emt 0:00:04][%mdl 4096] Endgame Black must now prevent Rc5. KRR-KRN} Nd6 $1 34. Ra4 Nxe4 35. Rxe4 $15 {[%emt 0:00:01] KR-KR} a4 36. Re2 a3 {[%emt 0:00:03] And now ...a2 would win.} 37. Ra2 g5 (37... Kg8 $15) 38. Kf1 $11 Kg7 39. Ke2 Kf6 40. Kd3 Ke5 41. Kc4 Ke4 42. Re2+ Kf4 {[%emt 0:00:00] aiming for ...a2.} 43. Ra2 h5 44. Kb4 Ke4 {[%emt 0:00:02] ...Kd3 is the strong threat.} 45. Rxa3 Rxa3 46. Kxa3 {[%emt 0:00:05] K3P-KPP} Kd3 {[%emt 0:00:00] ( -> ...Ke2)} (46... h4 $5 47. Kb4 $8 Kd3 $11) 47. Kb3 $2 {[%emt 0:00:07][%mdl 8192] [#]} (47. h4 $11 gxh4 48. Kb4) 47... Ke2 $2 (47... h4 $1 {mates} 48. g4 Ke4 49. Kc2 Kf3 50. Kd2 Kxf2 51. Kd1 Kg3 52. Ke2 Kxh3 53. Kf3 Kh2 54. Kf2 h3 55. Kf1 Kg3 56. Kg1 Kxg4 57. Kh2 Kh4 58. Kh1 g4 59. Kh2 g3+ 60. Kh1 Kg4 61. Kg1 Kf3 62. Kh1 g2+ 63. Kg1 h2+ 64. Kxh2 Kf2 65. Kh3 g1=Q 66. Kh4 Qg6 67. Kh3 Qh5#) 48. g4 $2 {[%emt 0:00:04][%mdl 8192] This costs White the game.} (48. f3 h4 49. Kc4 Kf2 50. Kd5 Kxg2 51. Ke4 Kxh3 52. f4 gxf4 53. Kf3 Kh2 54. Kf2 h3 55. Kf3 Kg1 56. Kxf4 h2 57. Ke5 h1=Q 58. Kd6 Kf2 59. Kd7 Qd5+ 60. Ke7 Kg3 61. Kf6 Kf4 62. Kg6 Qb7 63. Kf6 Qd7 64. Kg6 Qe7 65. Kh6 Kf5 66. Kh5 Qh7#) (48. h4 $11 gxh4 49. f4) 48... hxg4 {[%emt 0:00:16] Black mates.} 49. hxg4 Kxf2 {[%emt 0:00:01] KP-KP} 50. Kc3 Kf3 51. Kd3 Kxg4 52. Ke2 Kg3 53. Kf1 Kh2 54. Kf2 {[%emt 0:00:01] [#]} g4 $1 {[%emt 0:00:01] Weighted Error Value: White=0.43/Black=0.42} 0-1

[Event "4th Tata Steel India Blitz Women 2022"]
[Site "Kolkota"]
[Date "2022.12.03"]
[Round "7.5"]
[White "Vaishali, Rameshbabu"]
[Black "Koneru, Humpy"]
[Result "1-0"]
[ECO "B13"]
[WhiteElo "2454"]
[BlackElo "2574"]
[Annotator "TA"]
[PlyCount "81"]
[EventDate "2022.11.29"]
[EventType "tourn"]
[EventCountry "IND"]
[SourceTitle "playchess.com"]
[Source "ChessBase"]
[SourceQuality "1"]
[TimeControl "180+2"]

1. d4 Nf6 2. Nf3 d5 3. Bf4 c5 4. e3 Nc6 5. Nbd2 Bg4 6. h3 Bxf3 7. Nxf3 e6 8. c3 cxd4 9. exd4 Bd6 10. Bxd6 Qxd6 11. Bd3 O-O 12. O-O {[%emt 0:00:03] [#]} e5 $146 {[%emt 0:00:28] B13: Caro-Kann: Exchange Variation and Panov-Botvinnik Attack.} ({Predecessor:} 12... Rfe8 13. Re1 e5 14. dxe5 Nxe5 15. Nxe5 Rxe5 16. Rxe5 Qxe5 17. Qe1 Qxe1+ 18. Rxe1 Kf8 19. Kf1 Re8 20. Rxe8+ Kxe8 {½-½ (34) Tikkanen,H (2495)-Smith,A (2491) Ronneby 2018}) 13. dxe5 Nxe5 14. Nxe5 Qxe5 {[%emt 0:00:02] White is slightly better.} 15. Qb3 Qc7 16. Be2 Rad8 17. Rad1 Rd6 18. Bf3 Qb6 19. Rd4 (19. Bxd5 Rxd5 20. Qxb6 axb6 $17) 19... Qxb3 20. axb3 Rfd8 21. b4 Kf8 22. Ra1 a6 23. g3 Ke7 24. Ra5 {[%emt 0:00:08] White is more active.} g5 25. h4 h6 26. Kg2 Ke6 27. Ra1 Ke7 28. Re1+ Re6 29. Red1 Red6 30. Rh1 Rb6 31. Ra1 (31. Rb1 $14) 31... Rb5 (31... Rbd6 $1 $11) 32. hxg5 $16 hxg5 33. Re1+ Kf8 (33... Kd6 $16) 34. Re5 $18 a5 35. bxa5 {[%emt 0:00:03] [#] Hoping for b4.} Rxb2 36. Rf5 (36. Bxd5 g4 $16) (36. Rxg5 $18 Ra2 37. Bxd5 Rxa5 38. Bxb7 Rxd4 39. Rxa5) 36... Ke7 (36... Rd6 $16 {keeps fighting.}) 37. Re5+ (37. Bxd5 $6 Rxd5 38. Rfxd5 (38. Rdxd5 Nxd5 39. Rxd5 f6 $14) 38... Nxd5 39. Rxd5 f6 $14) 37... Kf8 38. Rxg5 Rc8 {[%emt 0:00:03] [#]} (38... Rb5 $16 39. Ra4 Rc5) 39. Rf4 ({Don't do} 39. Bxd5 $6 Nxd5 40. Rgxd5 (40. Rdxd5 Rxc3 41. Rgf5 Ke7 $16) 40... Rxc3 $16) (39. Rf5 $1 $18 Kg7 40. Rdf4 (40. Bxd5 Rc5 $18)) 39... Nd7 (39... Ne4 $16 40. Bxe4 (40. Rxd5 Nxf2 41. Rb4 Rc2 $16) 40... dxe4) 40. Bxd5 f6 41. Rg8+ {[%emt 0:00:02] Weighted Error Value: White=0.21 (precise) /Black=0.46} 1-0

[Event "4th Tata Steel India Blitz Women 2022"]
[Site "Kolkota"]
[Date "2022.12.03"]
[Round "8.1"]
[White "Savitha Shri B"]
[Black "Ushenina, Anna"]
[Result "0-1"]
[ECO "B42"]
[WhiteElo "2411"]
[BlackElo "2454"]
[Annotator "TA"]
[PlyCount "130"]
[EventDate "2022.11.29"]
[EventType "tourn"]
[EventCountry "IND"]
[SourceTitle "playchess.com"]
[Source "ChessBase"]
[SourceQuality "1"]
[TimeControl "180+2"]

1. e4 c5 2. Nf3 e6 3. d4 cxd4 4. Nxd4 a6 5. Bd3 Bc5 6. Nb3 Ba7 7. Qg4 Nf6 8. Qg3 {[%emt 0:00:03] e5 is the strong threat.} d6 {[%emt 0:00:09] B42: Sicilian: Kan Variation: 5 Bd3.} 9. c4 (9. Qxg7 Bxf2+ $1 10. Kd1 (10. Kxf2 Rg8 $17) 10... Rg8 $17) 9... Nc6 10. Nc3 (10. Qxg7 $2 Rg8 11. Qh6 Bxf2+ $1 12. Kf1 Ne5 $19) 10... Ne5 {[%emt 0:00:06] The position is equal.} 11. Be2 O-O {[%emt 0:00:15] [#]} 12. Bf4 $146 (12. O-O $5 ) ({Predecessor:} 12. Bh6 Ng6 13. Bg5 h6 14. Bd2 e5 15. h4 Kh8 16. Bg5 Rg8 17. Nd5 Nxe4 18. Qf3 Nxg5 19. hxg5 Qxg5 {0-1 (30) Miseta,N (1608)-Laszlo,D (1529) Balatonlelle 2012}) 12... Qc7 13. Bxe5 (13. O-O $14) 13... dxe5 $15 14. O-O Bd7 15. h4 (15. Rac1 $15) 15... Bc6 $17 16. Bf3 Rfd8 17. h5 h6 {[%emt 0:00:02] Black is more active.} 18. Rfd1 (18. Rac1 $17) 18... b5 $19 19. cxb5 axb5 20. Rac1 Rxd1+ 21. Nxd1 Qd6 (21... Nxe4 $2 22. Bxe4 Qd6 23. Bxc6 $18 (23. Rxc6 Qxd1+ 24. Kh2 Qxh5+ 25. Qh3 Qg5 $16)) 22. Nc3 b4 23. Rd1 Qc7 24. Ne2 Nxe4 25. Bxe4 Bxe4 26. Qh4 (26. Ned4 $142) 26... Qc2 27. Rd2 Qb1+ 28. Kh2 Bd5 (28... Qxa2 $2 29. Qxe4 Rc8 30. Qb7 $18 (30. Qxb4 Bxf2 31. Qb7 Qa8 $16)) 29. Nbc1 e4 {[%emt 0:00:19] Threatens to win with ...e3.} ({And not} 29... Bxa2 30. Rd8+ Rxd8 31. Qxd8+ Kh7 32. Qa8 $15) 30. Kh1 Rc8 31. Rd1 Qxb2 32. Qe7 Bb8 {[%emt 0:00:11] Hoping for ...e3.} 33. Qd7 Rf8 34. Rf1 Qe5 35. Ng3 Qg5 36. Nce2 e3 37. f4 Qh4+ ({Don't play} 37... Bxa2 38. fxg5 hxg5 39. Qb5 $18) 38. Kg1 Qg4 39. Qb5 Bd6 {[%emt 0:00:06] And now ...Ra8 would win.} 40. Qb6 Be7 41. Qxe3 Rc8 {[%emt 0:00:01][%cal Oe7c5] Strongly threatening ...Bc5!} 42. Rc1 {[%emt 0:00:04] Prevents Bc5.} Rxc1+ 43. Qxc1 Bxa2 {[%emt 0:00:02] A strong pair of Bishops.} 44. Qc8+ Bf8 45. Qc2 Bd5 {[%emt 0:00:02] aiming for ...b3.} 46. Qb2 b3 47. Kh2 Qh4+ (47... Bc5 $142 48. Ng1 Bxg1+ 49. Kxg1 Qxg3 50. Kh1 Bxg2+ $1 51. Qxg2 Qxg2+ 52. Kxg2 b2 53. Kf3 b1=Q 54. Ke2 Qc2+ 55. Kf3 f5 56. Ke3 Kf7 57. Kd4 Qb3 58. Kc5 Ke7 59. Kc6 Kd8 60. Kc5 Kc7 61. Kd4 Kc6 62. Ke5 Qe3#) 48. Kg1 Qg4 (48... Bc5+ $19 49. Kf1 Bc4) 49. Kh2 $1 Bd6 (49... Bc5 $142 50. Ng1 Bxg1+ 51. Kxg1 Qxg3 52. Kh1 {[#]} Bxg2+ $1 53. Qxg2 Qxg2+ 54. Kxg2 b2 55. Kf2 b1=Q 56. Ke2 Qc2+ 57. Kf3 Qd3+ 58. Kg2 Qe2+ 59. Kh3 f5 60. Kg3 g6 61. Kh3 gxh5 62. Kg3 h4+ 63. Kh3 h5 64. Kxh4 Qg4#) 50. Qd4 Qh4+ (50... Ba3 $142 51. Qe3 b2) 51. Kg1 Qf6 52. Qb6 Bf8 (52... Qa1+ $142 53. Kh2 b2 54. Qxd6 b1=Q) 53. Kh2 Qa1 54. f5 Qe5 55. fxe6 Qxe6 (55... Bxe6 $142 56. Nc1 Bd6 57. Nce2 b2 58. Kh1 Ba2 59. Qd8+ Kh7 60. Qb6 b1=Q+ 61. Qg1 Qxg1+ 62. Kxg1 Qe3+ 63. Kh1 Bd5 64. Kh2 Qxe2 65. Kh3 Bxg2+ 66. Kh2 Bf1+ 67. Kh1 Qg2#) 56. Qb8 Qd6 57. Qb5 Qc5 (57... Qb4 $142 58. Qxd5 b2) 58. Qb8 Qd6 (58... b2 $142 59. Nf5 Qb4 60. Qe5 Be6 61. Qe3 b1=Q 62. Nfd4 Bd6+ 63. Nf4 Qc5 64. g3 Bxf4 65. Qf3 Qxd4 66. Qa8+ Bb8 67. Qxb8+ Qxb8 68. Kh1 Qf2 69. g4 Qfh2#) 59. Qb5 Qc6 {[%emt 0:00:02] Inhibits Nc3.} 60. Qb8 Bxg2 (60... Qf6 $142 {( -> ...Qh4+)} 61. Nf4 Qh4+ 62. Nh3 Qb4 63. Qxb4 Bxb4) 61. Qxb3 Bd5 ({Don't blunder} 61... Bd6 $2 62. Nd4 Qa8 63. Ndf5 $19) 62. Qe3 Qe6 63. Qa7 (63. Qxe6 Bxe6 64. Kg2) 63... Bd6 64. Qa6 Bxg3+ 65. Nxg3 Qxa6 {[%emt 0:00:00] Black took control after the opening.   Weighted Error Value: White=0.58/Black=0.38} 0-1

[Event "4th Tata Steel India Blitz Women 2022"]
[Site "Kolkota"]
[Date "2022.12.03"]
[Round "8.2"]
[White "Muzychuk, Anna"]
[Black "Dzagnidze, Nana"]
[Result "1/2-1/2"]
[ECO "B90"]
[WhiteElo "2525"]
[BlackElo "2517"]
[Annotator "TA"]
[PlyCount "99"]
[EventDate "2022.11.29"]
[EventType "tourn"]
[EventCountry "IND"]
[SourceTitle "playchess.com"]
[Source "ChessBase"]
[SourceQuality "1"]
[TimeControl "180+2"]

1. e4 c5 2. Nf3 d6 3. d4 cxd4 4. Nxd4 Nf6 5. Nc3 a6 6. a3 e5 {[%emt 0:00:24] B90: Sicilian Najdorf: Unusual White 6th moves, 6 Be3 Ng4 and 6 Be3 e5.} 7. Nf5 d5 8. Bg5 (8. Nxd5 $2 Nxd5 9. Nxg7+ Bxg7 $17) 8... Bxf5 {[%emt 0:00:10] [#]} (8... d4 $1 $11 {keeps the balance.} 9. Bxf6 gxf6) 9. Bxf6 $1 $16 gxf6 10. exf5 d4 11. Ne4 Be7 12. Qh5 {[%emt 0:00:23] [#]} Qc7 $146 ({Black should try} 12... Qa5+ 13. c3 Qd5) ({Predecessor:} 12... Qd5 13. Nd2 b5 14. Bd3 Nc6 15. Be4 Qd6 16. O-O O-O 17. a4 Rab8 18. axb5 axb5 19. Ra3 Nb4 20. Rg3+ Kh8 21. Rh3 Rg8 22. Qxh7# {1-0 (22) Silva,D (2258)-Kamara,A (1899) Tornelo INT 2021}) 13. Bd3 Nd7 14. O-O Nb6 15. f4 $2 {[%emt 0:00:07] White has more active pieces. The black rooks are badly placed.} (15. Rfc1 $16) 15... exf4 $11 16. c4 {[%emt 0:00:43] Inhibits Nd5.} ({White should play} 16. b4 $11) 16... Nd7 (16... dxc3 $15 17. Nxc3 O-O-O) 17. Qh6 (17. Rad1 {is interesting.} Rg8 18. Qh4 f3 19. Rxf3 Ne5 20. Rf2) 17... O-O-O 18. Qxf4 Rhg8 19. Rad1 h5 (19... Ne5 {looks sharper.} 20. h3 Qc6 21. c5 Qa4) 20. Qxc7+ (20. b4 {keeps more tension.} Ne5 21. h3 Qc6 22. b5) 20... Kxc7 21. b4 b6 22. Be2 Ne5 23. Bxh5 Rg7 (23... Rh8 $11 24. Bf3 a5) 24. Bf3 a5 25. c5 (25. g3 $14) 25... axb4 26. axb4 bxc5 27. bxc5 ({Reject} 27. Nxc5 d3 $11) 27... d3 28. Ra1 ({Better is} 28. g3 $16) 28... Nxf3+ $1 29. Rxf3 {[%emt 0:00:01] [#] aiming for Ra7+.} Kc6 $2 (29... d2 $11 30. Nd6 Bxd6 31. cxd6+ Rxd6 32. Rc3+ Kd8) 30. Rd1 ({Stronger than} 30. Ra6+ Kb5 31. Rb6+ Kc4 32. Nd2+ (32. Nxf6 $2 {loses.} Bxc5+ 33. Kh1 Bxb6 $19) 32... Kc3 33. Nb1+ Kc4 34. Nd2+ Kc3 35. Ne4+ Kc4 36. Nd2+ $11 (36. Nxf6 $2 Bxc5+ 37. Kh1 Bxb6 $19)) 30... Bxc5+ 31. Nxc5 Kxc5 32. Rfxd3 Rxd3 33. Rxd3 $16 {[%emt 0:00:00][%mdl 4096] Endgame Strongly threatening h3. KR-KR} Rg5 34. Rd7 $2 (34. h4 $18 Rxf5 35. g3) 34... Rxf5 $14 35. Rxf7 Kd6 {[%emt 0:00:01] Prevents Rd7+.} 36. h4 Ke6 37. Rg7 Ra5 38. Kh2 Ra3 39. g3 f5 {[%emt 0:00:01] The position is equal.} 40. h5 Kf6 41. Rg6+ Kf7 42. Kh3 Ra4 43. Rb6 Kg7 44. Rb5 Kf6 45. Rc5 Rb4 46. Rc6+ Kg5 47. h6 Rb7 48. Kg2 Rh7 49. Kf3 Rxh6 50. Rxh6 {[%emt 0:00:02] Weighted Error Value: White=0.28 (precise) /Black=0.23 (precise)} 1/2-1/2

[Event "4th Tata Steel India Blitz Women 2022"]
[Site "Kolkota"]
[Date "2022.12.03"]
[Round "8.3"]
[White "Vaishali, Rameshbabu"]
[Black "Kiolbasa, Oliwia"]
[Result "1-0"]
[ECO "D02"]
[WhiteElo "2454"]
[BlackElo "2406"]
[Annotator "TA"]
[PlyCount "53"]
[EventDate "2022.11.29"]
[EventType "tourn"]
[EventCountry "IND"]
[SourceTitle "playchess.com"]
[Source "ChessBase"]
[SourceQuality "1"]
[TimeControl "180+2"]

1. d4 d5 2. Nf3 e6 3. Bf4 c5 4. e3 cxd4 5. exd4 Nc6 6. Bd3 {[%emt 0:00:13] D02: 1 d4 d5 2 Nf3 sidelines, including 2...Nf6 3 g3 and 2...Nf6 3 Bf4.} Bd6 7. Bxd6 Qxd6 8. O-O {[%emt 0:00:10] White has an edge.} Nge7 9. Nbd2 {[%emt 0:00:22][%cal Bb1d2,Bd2b3,Bb3c5][%mdl 32] [#]} f6 $146 ({Predecessor:} 9... Ng6 10. Re1 Bd7 11. c3 O-O 12. Ng5 Qf4 13. Qh5 h6 14. Ndf3 e5 15. Nxf7 e4 16. Nxh6+ Qxh6 17. Qxd5+ {½-½ (64) Mamedyarov,S (2764)-Sanal,V (2581) Playchess.com INT 2020}) 10. c4 O-O 11. Re1 Bd7 12. Rc1 Rae8 13. a3 Nf5 14. Nb3 Kh8 (14... dxc4 {simplifies} 15. Bxc4 Kh8 16. d5 exd5 17. Qxd5 Qxd5 18. Bxd5 Rxe1+ 19. Rxe1 Re8) 15. cxd5 (15. Nc5 {simplifies} Ncxd4 16. Nxd7 Qxd7 17. Nxd4 Nxd4 18. Bxh7 Kxh7 19. Qxd4 Kg8 20. Rcd1) 15... Qxd5 (15... exd5 $11 16. Rf1 b6) 16. Nc5 $14 {[%emt 0:00:06] [#] Black must now prevent Bc4.} Bc8 17. Be4 Qd6 18. b4 ({Better is} 18. Bxc6 $16 bxc6 19. h3) 18... Nfxd4 $2 {[%emt 0:00:17][%mdl 8192] A mistake that costs the game.} (18... Ncxd4 $11 19. Bxb7 e5) 19. Bxc6 $18 {[%emt 0:00:04][%mdl 64] [#] Pin} Nxf3+ 20. Bxf3 Qb8 21. Qb3 b6 22. Ne4 Qf4 23. g3 Qh6 (23... Qb8 $142 24. Red1 e5) 24. Nd6 Rd8 25. Nxc8 Rxc8 26. Rxc8 Rxc8 27. Qxe6 {[%emt 0:00:01] Weighted Error Value: White=0.29 (precise) /Black=0.80} 1-0

[Event "4th Tata Steel India Blitz Women 2022"]
[Site "Kolkota"]
[Date "2022.12.03"]
[Round "8.4"]
[White "Koneru, Humpy"]
[Black "Kulkarni Bhakti"]
[Result "1/2-1/2"]
[ECO "E90"]
[WhiteElo "2574"]
[BlackElo "2359"]
[Annotator "TA"]
[PlyCount "130"]
[EventDate "2022.11.29"]
[EventType "tourn"]
[EventCountry "IND"]
[SourceTitle "playchess.com"]
[Source "ChessBase"]
[SourceQuality "1"]
[TimeControl "180+2"]

1. d4 Nf6 2. c4 g6 3. Nc3 Bg7 4. e4 d6 5. h3 O-O 6. Be3 c5 7. Nf3 Qa5 8. Qd2 (8. Bd3 $5 ) 8... cxd4 {[%emt 0:00:08] E90: King's Indian: Classical: Early deviations and 6 h3.} 9. Nxd4 Nc6 10. Nb3 Qb4 {[%emt 0:00:29] [#]} 11. Be2 $146 ({Predecessor:} 11. Rc1 Be6 12. Nd5 Qa4 13. Nc3 Qb4 14. Nd5 Qxd2+ 15. Nxd2 Rfc8 16. Nf4 Nd7 17. Nxe6 fxe6 {0-1 (67) Cardoso Cardoso,J (2401)-Pour Agha Bala,A (2432) Tornelo INT 2020}) 11... Be6 12. Nd5 (12. Nc1 $1 $11 {remains equal.}) 12... Qxd2+ (12... Bxd5 $1 $17 13. exd5 Ne4 14. Qxb4 Nxb4) 13. Nxd2 $15 Rfc8 14. O-O Nd7 15. Nf3 Nde5 (15... Bxd5 $15 16. cxd5 (16. exd5 Na5 $15) 16... Na5) 16. Nxe5 $11 Bxe5 17. Rfd1 Rab8 18. Rd2 Kf8 (18... Bxd5 $1 $11 19. exd5 (19. cxd5 Na5 $11) 19... Na5) 19. Rad1 b6 20. f4 Bg7 21. g4 Na5 22. b3 f5 (22... Nb7 $14) 23. exf5 $16 gxf5 24. gxf5 (24. Bf2 $18) 24... Bxf5 $14 25. Bg4 e6 (25... Bxg4 $11 {and Black has nothing to worry.} 26. hxg4 e6) 26. Bxf5 $18 exf5 27. Bd4 (27. Bf2 $18 {and White stays clearly on top.}) 27... Bxd4+ $16 28. Rxd4 Nb7 (28... b5 $16) 29. Kf2 Re8 (29... b5 $16 {keeps fighting.} 30. Ne3 (30. cxb5 Rc2+ 31. R1d2 Rxd2+ 32. Rxd2 Nc5 $16) 30... bxc4) 30. Nc7 Re7 {[%emt 0:00:06] [#]} 31. Nb5 {[%emt 0:00:01][%csl LRa7,LRd6] White is more active.} Rbe8 32. R1d2 {[%emt 0:00:02] Inhibits Re2+.} (32. Nxa7 Re2+ 33. Kg3 R8e3+ 34. Kh4 Rh2 $11) 32... Re3 33. h4 ({Resist} 33. Nxd6 $6 Nxd6 34. Rxd6 Rxh3 $14) (33. Nc7 $16 R8e4 34. Rxe4 Rxe4 35. Kf3) 33... Rh3 $1 $11 34. Kg2 Rxh4 35. Nxd6 Nxd6 36. Rxd6 Rxf4 {[%emt 0:00:02][%mdl 4096] Endgame KRR-KRR} 37. Rd7 Re7 38. Rd8+ Kf7 39. Kg3 Rg4+ 40. Kf3 h5 41. R2d5 Rg5 42. R8d6 Re6 43. Rd7+ Re7 44. R7d6 Re6 45. Rd7+ Re7 46. b4 (46. Kf4 $11 Rxd7 47. Rxd7+ Kf6 48. Rd6+ Ke7 49. Rh6) 46... h4 $1 $15 47. R7d6 {[%emt 0:00:02] [#]} ({White should play} 47. c5 $15) 47... Rh5 $1 $17 48. c5 bxc5 ({Better is} 48... h3 $17 49. Rd1 h2) 49. bxc5 $15 h3 50. Rd1 h2 51. Rh1 ({White should try} 51. Kg2 $15) 51... Rc7 (51... Re5 $17 52. c6 Rc5) 52. c6 Ke7 53. Rg6 Rh3+ (53... Rc8 {simplifies} 54. Rg2 Rxc6 55. Rhxh2 Rc3+) 54. Kf4 {[%emt 0:00:02] The position is equal.} Rc3 (54... Rc8 {seems wilder.} 55. Ke5 Re3+ 56. Kf4 Re4+) 55. Rxh2 {[%emt 0:00:02] Rh7+ is the strong threat.} R7xc6 56. Rh7+ (56. Kxf5 $2 {is the wrong capture.} R3c5+ 57. Kf4 Rxg6 $19) 56... Kf8 57. Rxc6 (57. Kxf5 $2 {perishes.} R3c5+ 58. Kf4 Rxg6 $19) 57... Rxc6 58. Rxa7 $11 {[%emt 0:00:01] KR-KR} Rc5 59. a4 Ke8 60. a5 Kd8 61. a6 {[%emt 0:00:01] Threatens to win with Rh7.} Ra5 62. Ra8+ Kc7 63. a7 Kb7 64. Rf8 Rxa7 65. Rxf5 Ra4+ {[%emt 0:00:00] White really could win this.   Weighted Error Value: White=0.22 (precise) /Black=0.22 (precise)} 1/2-1/2

[Event "4th Tata Steel India Blitz Women 2022"]
[Site "Kolkota"]
[Date "2022.12.03"]
[Round "8.5"]
[White "Muzychuk, Mariya"]
[Black "Harika, Dronavalli"]
[Result "1-0"]
[ECO "B22"]
[WhiteElo "2528"]
[BlackElo "2507"]
[Annotator "TA"]
[PlyCount "93"]
[EventDate "2022.11.29"]
[EventType "tourn"]
[EventCountry "IND"]
[SourceTitle "playchess.com"]
[Source "ChessBase"]
[SourceQuality "1"]
[TimeControl "180+2"]

1. e4 c5 2. c3 d5 3. exd5 Qxd5 4. d4 Nc6 5. Nf3 cxd4 6. cxd4 e5 7. Nc3 Bb4 8. Bd2 Bxc3 9. Bxc3 e4 10. Ne5 Nxe5 11. dxe5 Ne7 12. Be2 Be6 13. O-O O-O {[%emt 0:00:02] [#]} 14. a4 $5 $146 {[%emt 0:00:48][%mdl 8] New and interesting. B22: Sicilian: 2 c3.} ({Predecessor:} 14. Bb4 Rfe8 15. Bd6 Nc6 16. b3 Rad8 17. Bc4 Qxd1 18. Rfxd1 Bxc4 19. bxc4 h6 20. Rd5 Re6 21. Re1 Nxe5 22. Rxe5 Rdxd6 {0-1 (36) Prohorov,O (2086)-Redor,M (2019) Chess.com INT 2022}) 14... Rfd8 15. Qc2 Bf5 16. Rfd1 {[%emt 0:00:15] White is slightly better.} Qe6 17. Qc1 {[%emt 0:00:09] Inhibits e3.} Ng6 (17... h6 $11) 18. Qg5 $14 Rxd1+ 19. Rxd1 {[%emt 0:00:00][%cal Ba1d1,Bd1d6,Bd6d5,Bd5e5][%mdl 32] [#] Black must now prevent g4.} ({But not} 19. Bxd1 h6 20. Qg3 Rd8 $11) 19... h6 20. Qg3 a6 (20... Qe7 $14) 21. h4 $16 {[%emt 0:00:02] White is more active.} Re8 {[%emt 0:00:04] [#]} (21... Qe7 $16 {might work better.}) 22. Rd6 $1 $36 {[%emt 0:00:05][%mdl 2048] Black is under strong pressure.} Qe7 23. Bc4 {[%emt 0:00:07] Prevents e3.} Nxe5 {[%emt 0:00:33][%mdl 8192] This move loses the game for Black.} (23... Kh7 $16) 24. Rd5 ({Less strong is} 24. Rxh6 e3 25. fxe3 Ng4 $14) 24... e3 25. Rxe5 exf2+ 26. Kxf2 (26. Kf1 $142 Qxe5 27. Bxe5) 26... Be6 27. Bxe6 fxe6 28. Kg1 {[%emt 0:00:03][%cal Oe5e6] Hoping for Rxe6!} Qf7 29. Kh2 Re7 30. a5 Rd7 31. Re4 Kh7 32. Rg4 Qf8 33. Qe5 (33. Rg6 $142 h5 34. Qg5) 33... Re7 34. Qe4+ (34. h5 $142 Rf7 35. Qe4+ Kh8 36. Rg6 Qd6+ 37. Be5) 34... Qf5 35. h5 {[%emt 0:00:12] And now Qxf5+ would win.} Rf7 36. Qxf5+ exf5 {[%emt 0:00:01][%mdl 4096] Endgame KRB-KR} 37. Rc4 f4 38. Kh3 g6 39. hxg6+ Kxg6 40. Kg4 h5+ 41. Kf3 Rf5 42. Rxf4 Rd5 43. Rf6+ Kg5 44. Rf7 Rb5 45. Re7 {[%emt 0:00:02] Threatening mate with Re5+.} Kg6 46. Re6+ (46. Re5 $142 Rb3 47. Kf4 h4 48. Kg4 Kf7 49. Kxh4 b6 50. Rf5+ Ke7 51. Rf6 bxa5 52. Rxa6) 46... Kg5 47. Re5+ {[%emt 0:00:02] Weighted Error Value: White=0.59/Black=0.73} 1-0